Map: Berlingrad LE

Players

HeroMarine - Winner!

  • Race: Terran Terran
  • League: Master

BlyOnFire (Bly)

  • Race: Zerg Zerg

VOD

Have the link to the VOD?

Description

Time

  • Played on: Oct. 21, 2021, 7:26 a.m.
  • Length: 7:48
Show
View Real Time Build Order
Export as new Build Order

HeroMarine Terran - Winner!

Build Orders: Reaper Expand 

Get SALT Encoding   

  12  0:00  SCV  
  13  0:12  SCV  
  14  0:17  Supply Depot  
  14  0:24  SCV  
  15  0:38  SCV  
  15  0:40  Barracks  
  16  0:43  Refinery  
  16  0:50  SCV  
  17  1:02  SCV  
  18  1:14  SCV  
  19  1:27  Reaper, Orbital Command  
  20  1:40  Command Center  
  20  1:48  Supply Depot  
  20  1:53  SCV  
  21  1:59  Marine  
  22  2:05  SCV  
  23  2:09  Factory  
  23  2:14  Bunker  
  23  2:17  Marine, SCV  
  23  2:18  Barracks  
  25  2:24  Bunker  
  25  2:29  SCV  
  25  2:34  Refinery  
  25  2:35  Marine  
  26  2:41  SCV  
  26  2:52  Marine  
  26  2:53  SCV  
  26  2:58  Factory Tech Lab  
  23  3:05  Marine, SCV  
  23  3:19  Cyclone  
  24  3:24  Marine x2  
  24  3:26  SCV  
  23  3:38  SCV  
  20  3:58  Cyclone  
  20  4:01  SCV  
  23  4:11  Marine x2  
  23  4:14  SCV  
  26  4:26  SCV  
  26  4:30  Cyclone  
  31  4:35  Supply Depot  
  31  4:38  SCV  
  31  4:56  SCV  
  31  4:59  Marine x2, Supply Depot  
  34  5:09  SCV  
  35  5:17  Marine x2  
  35  5:21  Cyclone  
  40  5:22  SCV  
  40  5:26  Supply Depot  
  41  5:34  SCV  
  41  5:38  Marine x2  
  43  5:57  SCV  
  43  6:00  Starport  
  44  6:09  SCV  
  42  6:21  SCV  
  42  6:28  Marine, Cyclone  
  42  6:29  Marine  
  46  6:33  SCV  
  47  6:45  SCV  
  47  6:46  Supply Depot  
  48  6:53  Marine x2  
  49  6:56  Starport Tech Lab  
  49  6:57  SCV  
  50  7:04  Medivac  
  52  7:13  Siege Tank  
  55  7:22  SCV  
  56  7:27  Marine x2  
  58  7:34  SCV  
  58  7:36  Starport Tech Lab  
Show
View Real Time Build Order
Export as new Build Order

BlyOnFire Zerg 

Build Orders: Hatch First, Ravager All-In 

Get SALT Encoding   

  12  0:00  Drone  
  13  0:14  Drone  
  14  0:37  Hatchery  
  13  0:50  Spawning Pool  
  13  0:54  Drone  
  13  0:58  Drone  
  14  1:05  Extractor  
  14  1:07  Drone  
  14  1:13  Extractor  
  14  1:14  Drone  
  14  1:22  Overlord  
  14  1:39  Roach Warren  
  14  1:40  Drone  
  14  1:41  Drone  
  15  1:49  Zergling x2  
  15  1:51  Drone  
  23  2:22  Roach  
  23  2:23  Roach x2  
  23  2:27  Roach  
  25  2:32  Spore Crawler  
  24  2:39  Roach  
  23  2:45  Spore Crawler  
  23  3:04  Ravager  
  24  3:15  Ravager  
  25  3:21  Roach x3  
  25  3:25  Overlord  
  24  3:54  Drone x3  
  24  4:02  Drone x3  
  27  4:07  Ravager x2  
  29  4:11  Ravager  
  30  4:21  Drone  
  31  4:28  Drone x2  
  33  4:38  Overlord  
  33  4:52  Roach  
  34  4:58  Roach  
  30  5:01  Ravager  
  29  5:07  Roach  
  29  5:14  Queen  
  29  5:16  Ravager  
  29  5:17  Roach  
  29  5:19  Ravager  
  35  5:28  Ravager  
  36  5:37  Roach  
  36  5:41  Ravager  
  39  5:43  Roach  
  39  5:45  Overlord  
  41  6:01  Overlord x2  
  39  6:14  Roach  
  35  6:34  Roach x3  
  38  6:51  Roach  
  36  6:56  Ravager x3  
  36  6:59  Ravager  
  40  7:02  Roach  
  40  7:04  Queen  
  44  7:13  Ravager  
  45  7:16  Hatchery  
  45  7:20  Drone  
  45  7:21  Drone  
Tags
 
Add a new tag
Caveats
  • Supply blocks, unpowered buildings, or Contaminate may cause inaccurate times.
  • Supply counts are checked every 10 seconds.